 Dungeon Crawl Stone Soup version 0.30.0-20-g3615ddf2f0 (webtiles) character file.

Game seed: 16353861426701709602

6196 qw the Cleaver (level 10, 0/65 HPs)
             Began as a Gargoyle Fighter on May 28, 2023.
             Was a Believer of Okawaru.
             Slain by a sun demon (8 damage)
             ... on level 9 of the Dungeon.
             The game lasted 00:04:06 (8390 turns).

qw the Cleaver (Gargoyle Fighter)                   Turns: 8390, Time: 00:04:07

Health: 0/65       AC: 22    Str: 23    XL:     10   Next: 91%
Magic:  12/13      EV:  9    Int: 10    God:    Okawaru [**....]
Gold:   108        SH:  6    Dex:  9    Spells: 9/9 levels left

rFire   . . .        Y - +2 war axe
rCold   + . .        c - +0 buckler
rNeg    + . .        p - +0 plate armour
rPois   inf          (helmet restricted)
rElec   +            (no cloak)
rCorr   +            (no gloves)
SInv    .            (no boots)
Will    .....        (no amulet) Stlth
                     k - ring of resist corrosion
HPRegen 0.30/turn    (no ring)
MPRegen 0.13/turn

%: no passive effects
@: about to teleport, heroic
A: sickness immunity, AC +7, negative energy resistance 1, electricity
resistance, torment resistance 1, petrification resistance, horns 1, cold
resistance 1
a: Renounce Religion, Heroism


You were on level 9 of the Dungeon.
You worshipped Okawaru.
Okawaru was pleased with you.
You visited 2 branches of the dungeon, and saw 10 of its levels.

You collected 368 gold pieces.
You spent 260 gold pieces at shops.


Innate Abilities, Weirdness & Mutations

You are immune to sickness and miasma.
Your stone body is resilient. (AC +7)
You are immune to poison.
You resist negative energy. (rN+)
You are resistant to electric shocks. (rElec)
You are resistant to unholy torment.
You are immune to petrification.
You have a pair of small horns on your head.
Your flesh is cold resistant. (rC+)


   Skills:
 + Level 8.6(13.6) Fighting
 - Level 11.0(16.0) Axes
 - Level 2.7(7.7) Throwing
 - Level 6.0(11.0) Armour
 - Level 2.2(7.2) Dodging
 - Level 5.1(10.1) Shields
 - Level 4.0 Invocations


You had 9 spell levels left.
You didn't know any spells.
Your spell library was empty.

Inventory:

Hand Weapons
 n - a +3 morningstar
 Y - a +2 war axe (weapon)
Missiles
 b - 14 silver boomerangs (quivered)
 m - 5 boomerangs
Armour
 c - a +0 buckler (worn)
 h - a +3 scale mail of cold resistance
 p - a +0 plate armour (worn)
Jewellery
 k - a ring of resist corrosion (left hand)
 l - a ring of ice
Scrolls
 a - 9 scrolls of identify
 g - a scroll of teleportation
Potions
 d - a potion of might
 e - a potion of mutation
 f - 4 potions of curing
 i - a potion of resistance
 j - 3 potions of attraction

Dungeon Overview and Level Annotations

Branches:
Dungeon (9/15)             Temple (1/1) D:5
   Lair: D:8-11         Orc: D:9-12

Altars:
Cheibriados
Dithmenos
Elyvilon
Fedhas
Gozag
Hepliaklqana
Kikubaaqudgha
Makhleb
Nemelex Xobeh
Okawaru
Qazlal
Ru
Sif Muna
Trog
Uskayaw
Vehumet
Wu Jian
Yredelemnul
Zin
The Shining One

Shops:
D:9 [

Annotations:
D:4 2 transporters
D:5 3 runed translucent doors, qw's ghost, novice GrCA


Message History

The silver boomerang barely misses the sun demon.
You throw a silver boomerang.
The silver boomerang closely misses the sun demon.
You slash the sun demon!
The sun demon is heavily wounded.
You hit the sun demon.
The sun demon is severely wounded.
You block the sun demon's attack.
You slash the sun demon!
The sun demon is severely wounded.
You block the sun demon's attack.
You barely miss the sun demon.
The sun demon is severely wounded.
The sun demon barely misses you.
You hit the sun demon.
The sun demon is almost dead.
The sun demon hits you but does no damage.
You hit the sun demon.
The sun demon is almost dead.
You block the sun demon's attack.
You hit the sun demon.
You headbutt the sun demon, but do no damage.
The sun demon is almost dead.
You hit the sun demon. Your headbutt misses the sun demon.
The sun demon is almost dead.
You block the sun demon's attack.
You barely miss the sun demon. You headbutt the sun demon.
The sun demon is almost dead.
The sun demon hits you but does no damage.
You barely miss the sun demon. Your headbutt misses the sun demon.
The sun demon is almost dead.
You block the sun demon's attack.
You hit the sun demon. Your headbutt misses the sun demon.
The sun demon is almost dead.
The sun demon hits you!
You are engulfed in flames!
8390 ||| READING 2 scrolls of teleportation.
As you read the scroll of teleportation, it crumbles to dust.
You feel strangely unstable. The sun demon hits you!
You die...

..
######....
#@3.......
##.###...
#.# #.#
#.# #.#
#.# #.#
#.#


You could see a sun demon.

Vanquished Creatures
  An unseen horror zombie (D:7)
  An ice devil (D:9)
  A hellwing (D:9)
  Prince Ribbit (D:5)
  A ynoxinul (D:9)
  9 yaks
  Eustachio (D:5)
  5 black bears
  An orc warrior (D:8)
  An ice beast (D:5)
  4 ogres
  A centaur (D:8)
  2 phantoms
  A kobold brigand (D:9)
  A gnoll sergeant (D:8)
  5 bullfrogs
  A water moccasin zombie (D:7)
  2 wyvern zombies (D:7)
  2 scorpions
  11 wights (D:7)
  4 killer bees (D:6)
  A howler monkey (D:6)
  3 centaur zombies (D:7)
  2 bullfrog zombies (D:7)
  5 jellies
  3 orc priests
  2 hounds
  2 gnoll boudas
  An iguana (D:7)
  Natasha (thrice) (D:2)
  An orc wizard (D:3)
  A killer bee zombie (D:7)
  2 howler monkey zombies (D:7)
  18 gnolls
  10 adders
  A shadow imp (D:6)
  2 white imps
  2 worms (D:3)
  2 dart slugs (D:1)
  18 orcs
  6 ball pythons
  5 endoplasms
  4 giant cockroaches
  3 goblins
  3 hobgoblins
  2 quokkas
  11 bats
  6 frilled lizards
  16 kobolds
  3 rats
194 creatures vanquished.

Notes
Turn   | Place    | Note
-------+----------+-------------------------------------------
     0 | D:1      | qw the Gargoyle Fighter began the quest for the Orb.
     0 | D:1      | Reached XP level 1. HP: 14/14 MP: 1/1
     0 | D:1      | 0 ||| qw: Version: 0.2-a-101-gf8a7cd0
     0 | D:1      | 0 ||| qw: Game counter: 270
     0 | D:1      | 0 ||| qw: Always use a shield: true
     0 | D:1      | 0 ||| qw: God list: Okawaru
     0 | D:1      | 0 ||| qw: Allow faded altars: false
     0 | D:1      | 0 ||| qw: Do Orc after D:15 true
     0 | D:1      | 0 ||| qw: Do second Lair branch before Depths: true
     0 | D:1      | 0 ||| qw: Lair rune preference: random
     0 | D:1      | 0 ||| qw: Plans: Normal, Zot:1-4, Slime:5, God:TSO, Crypt,
                  | Tomb, Pan, Hells, Abyss, Win
     0 | D:1      | 0 ||| PLANNING D:1-11
    77 | D:1      | Reached skill level 2 in Axes
   113 | D:1      | 113 ||| Stepping ~*~*~tactically~*~*~ (stealth).
   142 | D:1      | Reached XP level 2. HP: 19/19 MP: 2/2
   365 | D:1      | 365 ||| Stepping ~*~*~tactically~*~*~ (stealth).
   410 | D:1      | Reached skill level 3 in Axes
   468 | D:1      | 468 ||| Stepping ~*~*~tactically~*~*~ (hiding).
   475 | D:1      | Reached XP level 3. HP: 23/23 MP: 3/3
   613 | D:1      | 613 ||| Stepping ~*~*~tactically~*~*~ (hiding).
   614 | D:1      | 614 ||| Stepping ~*~*~tactically~*~*~ (hiding).
   616 | D:1      | 616 ||| Stepping ~*~*~tactically~*~*~ (hiding).
   858 | D:1      | 858 ||| READING scroll labelled JOCVUQ SEOMONOI.
   863 | D:1      | 863 ||| READING scroll labelled JUYTRY MEUJUAM.
   864 | D:1      | 864 ||| READING scroll labelled ONUICZ ZAUMOA.
   965 | D:1      | 965 ||| READING scroll labelled DAFIUPU VEXO.
  1000 | D:2      | 1000 ||| STAIRDANCE
  1013 | D:2      | 1013 ||| STAIRDANCE
  1038 | D:2      | 1038 ||| Stepping ~*~*~tactically~*~*~ (stealth).
  1062 | D:2      | 1062 ||| Stepping ~*~*~tactically~*~*~ (stealth).
  1063 | D:2      | 1063 ||| Stepping ~*~*~tactically~*~*~ (stealth).
  1082 | D:2      | Reached XP level 4. HP: 28/28 MP: 4/4
  1190 | D:2      | Noticed Natasha
  1192 | D:2      | Killed Natasha
  1193 | D:2      | Reached skill level 4 in Axes
  1448 | D:2      | Noticed Natasha
  1449 | D:2      | 1449 ||| Stepping ~*~*~tactically~*~*~ (hiding).
  1450 | D:2      | 1450 ||| Stepping ~*~*~tactically~*~*~ (hiding).
  1456 | D:2      | Killed Natasha
  1457 | D:2      | Reached XP level 5. HP: 24/32 MP: 5/5
  1478 | D:2      | Noticed Natasha
  1479 | D:2      | 1479 ||| Stepping ~*~*~tactically~*~*~ (hiding).
  1488 | D:2      | Killed Natasha
  1489 | D:2      | Reached skill level 5 in Axes
  1791 | D:2      | 1791 ||| UPGRADING to ring of resist corrosion.
  1792 | D:2      | 1792 ||| READING scroll labelled XUTURU JIAX.
  1793 | D:2      | 1793 ||| READING scroll labelled HOSUXA JOTHIOFEUS.
  1794 | D:2      | 1794 ||| DRINKING 2 dark potions.
  1795 | D:2      | 1795 ||| DRINKING 3 bubbling orange potions.
  1796 | D:2      | 1796 ||| DRINKING 2 brown potions.
  1797 | D:2      | 1797 ||| DROPPING 2 potions of degeneration.
  2021 | D:3      | 2021 ||| Stepping ~*~*~tactically~*~*~ (stealth).
  2045 | D:3      | 2045 ||| Stepping ~*~*~tactically~*~*~ (stealth).
  2061 | D:3      | 2061 ||| Stepping ~*~*~tactically~*~*~ (stealth).
  2117 | D:3      | 2117 ||| Stepping ~*~*~tactically~*~*~ (stealth).
  2120 | D:3      | 2120 ||| Stepping ~*~*~tactically~*~*~ (hiding).
  2158 | D:3      | 2158 ||| FLEEEEING.
  2160 | D:3      | 2160 ||| FLEEEEING.
  2162 | D:3      | 2162 ||| FLEEEEING.
  2163 | D:3      | 2163 ||| FLEEEEING.
  2164 | D:3      | 2164 ||| FLEEEEING.
  2165 | D:3      | 2165 ||| FLEEEEING.
  2166 | D:3      | 2166 ||| FLEEEEING.
  2167 | D:3      | 2167 ||| FLEEEEING.
  2168 | D:3      | 2168 ||| FLEEEEING.
  2174 | D:3      | 2174 ||| FLEEEEING.
  2175 | D:3      | 2175 ||| FLEEEEING.
  2178 | D:3      | 2178 ||| FLEEEEING.
  2179 | D:3      | 2179 ||| FLEEEEING.
  2180 | D:3      | 2180 ||| FLEEEEING.
  2181 | D:3      | 2181 ||| FLEEEEING.
  2182 | D:3      | 2182 ||| FLEEEEING.
  2183 | D:3      | 2183 ||| FLEEEEING.
  2184 | D:3      | 2184 ||| FLEEEEING.
  2189 | D:3      | 2189 ||| FLEEEEING.
  2190 | D:3      | 2190 ||| FLEEEEING.
  2191 | D:3      | 2191 ||| FLEEEEING.
  2192 | D:3      | 2192 ||| FLEEEEING.
  2193 | D:3      | 2193 ||| FLEEEEING.
  2237 | D:3      | 2237 ||| Stepping ~*~*~tactically~*~*~ (stealth).
  2318 | D:3      | Reached XP level 6. HP: 34/38 MP: 6/6
  2362 | D:3      | 2362 ||| Stepping ~*~*~tactically~*~*~ (water).
  2694 | D:3      | 2694 ||| Stepping ~*~*~tactically~*~*~ (hiding).
  2942 | D:3      | 2942 ||| Stepping ~*~*~tactically~*~*~ (stealth).
  3097 | D:3      | 3097 ||| READING scroll labelled UGIKAAL XEUTAO.
  3125 | D:3      | 3125 ||| READING 3 scrolls of identify.
  3125 | D:3      | 3125 ||| IDENTIFYING clear potion
  3126 | D:3      | 3126 ||| READING 2 scrolls of identify.
  3126 | D:3      | 3126 ||| IDENTIFYING metallic dark potion
  3127 | D:3      | 3127 ||| DROPPING potion of ambrosia.
  3327 | D:4      | Found a transporter.
  3363 | D:4      | Found a transporter.
  3388 | D:4      | Noticed an ancient zyme
  3581 | D:4      | Noticed a small abomination
  3628 | D:4      | 3628 ||| UPGRADING to +0 helmet.
  3633 | D:4      | 3633 ||| READING scroll labelled RUOTER CIKHAA.
  3634 | D:4      | 3634 ||| DRINKING 2 bubbling black potions.
  3634 | D:4      | Gained mutation: You have a pair of small horns on your
                  | head. [potion of mutation]
  3634 | D:4      | Gained mutation: Your flesh is cold resistant. (rC+)
                  | [potion of mutation]
  3635 | D:4      | 3635 ||| DROPPING +0 helmet.
  3674 | D:5      | Entered Level 5 of the Dungeon
  3674 | D:5      | Noticed Eustachio
  3675 | D:5      | 3675 ||| PLANNING SEWER
  3681 | D:5      | Noticed qw's ghost (novice GrCA)
  3683 | D:5      | 3683 ||| FLEEEEING.
  3687 | D:5      | Killed Eustachio
  3688 | D:5      | Reached skill level 6 in Axes
  3688 | D:5      | Reached XP level 7. HP: 36/43 MP: 7/7
  3689 | D:5      | 3689 ||| STAIRDANCE
  3814 | D:5      | Reached skill level 7 in Axes
  3815 | D:5      | 3815 ||| FLEEEEING.
  3816 | D:5      | 3816 ||| FLEEEEING.
  3817 | D:5      | 3817 ||| FLEEEEING.
  3818 | D:5      | 3818 ||| FLEEEEING.
  3819 | D:5      | 3819 ||| FLEEEEING.
  3820 | D:5      | 3820 ||| FLEEEEING.
  3821 | D:5      | 3821 ||| FLEEEEING.
  3822 | D:5      | 3822 ||| STAIRDANCE
  3823 | D:4      | Found a sparkling altar of Nemelex Xobeh.
  3823 | D:4      | Found a blossoming altar of Fedhas.
  3877 | D:5      | 3877 ||| STAIRDANCE
  3881 | D:4      | Reached skill level 1 in Dodging
  4030 | D:5      | Found a runed translucent gate.
  4061 | D:5      | Reached XP level 8. HP: 44/49 MP: 8/8
  4082 | D:5      | Noticed Prince Ribbit
  4096 | D:5      | Killed Prince Ribbit
  4154 | D:5      | Found a staircase to the Ecumenical Temple.
  4155 | D:5      | 4155 ||| Stepping ~*~*~tactically~*~*~ (hiding).
  4212 | D:5      | 4212 ||| Stepping ~*~*~tactically~*~*~ (hiding).
  4213 | D:5      | 4213 ||| Stepping ~*~*~tactically~*~*~ (hiding).
  4214 | D:5      | 4214 ||| Stepping ~*~*~tactically~*~*~ (hiding).
  4421 | D:5      | Found a runed translucent gate.
  4421 | D:5      | Found a runed translucent gate.
  4496 | D:5      | Found a snail-covered altar of Cheibriados.
  4497 | D:5      | 4497 ||| RIP SEWER
  4497 | D:5      | 4497 ||| RIP OSSUARY
  4497 | D:5      | 4497 ||| PLANNING TEMPLE
  4519 | Temple   | Entered the Ecumenical Temple
  4532 | Temple   | 4532 ||| PLANNING OKAWARU WORSHIP
  4580 | Temple   | Became a worshipper of Warmaster Okawaru
  4580 | Temple   | 4580 ||| PLANNING D:1-11
  5094 | D:6      | Reached skill level 8 in Axes
  5223 | D:6      | Reached * piety under Okawaru
  5224 | D:6      | Reached skill level 6 in Fighting
  5224 | D:6      | 5224 ||| INVOKING Heroism.
  5225 | D:6      | 5225 ||| INVOKING Heroism.
  5237 | D:6      | 5237 ||| INVOKING Heroism.
  5369 | D:6      | Reached XP level 9. HP: 55/55 MP: 9/9
  5422 | D:6      | 5422 ||| INVOKING Heroism.
  5509 | D:6      | 5509 ||| Stepping ~*~*~tactically~*~*~ (hiding).
  5564 | D:6      | Reached skill level 9 in Axes
  5609 | D:6      | 5609 ||| INVOKING Heroism.
  5610 | D:6      | 5610 ||| INVOKING Heroism.
  5624 | D:6      | 5624 ||| INVOKING Heroism.
  5625 | D:6      | 5625 ||| INVOKING Heroism.
  5782 | D:6      | Reached skill level 1 in Invocations
  5783 | D:6      | Found a radiant altar of Vehumet.
  5905 | D:6      | 5905 ||| DROPPING ring of wizardry.
  5906 | D:6      | 5906 ||| READING 4 scrolls of identify.
  5906 | D:6      | 5906 ||| IDENTIFYING fizzy puce potion
  5907 | D:6      | 5907 ||| READING 3 scrolls of identify.
  5907 | D:6      | 5907 ||| IDENTIFYING lumpy dark potion
  5908 | D:6      | 5908 ||| DROPPING potion of invisibility.
  5964 | D:7      | 5964 ||| DROPPING +0 whip.
  5968 | D:7      | 5968 ||| Stepping ~*~*~tactically~*~*~ (hiding).
  5990 | D:7      | 5990 ||| INVOKING Heroism.
  6000 | D:7      | Reached skill level 3 in Invocations
  6019 | D:7      | 6019 ||| FLEEEEING.
  6021 | D:7      | 6021 ||| STAIRDANCE
  6135 | D:7      | 6135 ||| DROPPING +0 flail.
  6235 | D:7      | 6235 ||| Stepping ~*~*~tactically~*~*~ (hiding).
  6252 | D:7      | 6252 ||| INVOKING Heroism.
  6270 | D:7      | Reached skill level 10 in Axes
  6347 | D:7      | 6347 ||| Stepping ~*~*~tactically~*~*~ (stealth).
  6348 | D:7      | 6348 ||| Stepping ~*~*~tactically~*~*~ (stealth).
  6349 | D:7      | 6349 ||| Stepping ~*~*~tactically~*~*~ (stealth).
  6350 | D:7      | 6350 ||| Stepping ~*~*~tactically~*~*~ (stealth).
  6361 | D:7      | 6361 ||| Stepping ~*~*~tactically~*~*~ (stealth).
  6431 | D:7      | 6431 ||| INVOKING Heroism.
  6434 | D:7      | HP: 14/57 [wyvern zombie (10)]
  6435 | D:7      | 6435 ||| READING 3 scrolls of teleportation.
  6436 | D:7      | 6436 ||| DRINKING potion of heal wounds.
  6623 | D:7      | 6623 ||| Stepping ~*~*~tactically~*~*~ (stealth).
  6644 | D:7      | Reached XP level 10. HP: 63/63 MP: 13/13
  6788 | D:7      | 6788 ||| Stepping ~*~*~tactically~*~*~ (hiding).
  6982 | D:7      | 6982 ||| DROPPING +2 flail of draining.
  7151 | D:7      | 7151 ||| DROPPING +6 ring of intelligence.
  7190 | D:8      | Reached ** piety under Okawaru
  7242 | D:8      | Found a sacrificial altar of Ru.
  7244 | D:8      | 7244 ||| INVOKING Heroism.
  7277 | D:8      | 7277 ||| Stepping ~*~*~tactically~*~*~ (hiding).
  7287 | D:8      | 7287 ||| INVOKING Heroism.
  7352 | D:8      | 7352 ||| Stepping ~*~*~tactically~*~*~ (stealth).
  7353 | D:8      | 7353 ||| Stepping ~*~*~tactically~*~*~ (stealth).
  7356 | D:8      | 7356 ||| Stepping ~*~*~tactically~*~*~ (stealth).
  7411 | D:8      | 7411 ||| INVOKING Heroism.
  7487 | D:8      | 7487 ||| READING scroll of enchant weapon.
  7487 | D:8      | 7487 ||| ENCHANTING +1 war axe.
  7502 | D:8      | 7502 ||| Stepping ~*~*~tactically~*~*~ (stealth).
  7504 | D:8      | 7504 ||| Stepping ~*~*~tactically~*~*~ (stealth).
  7534 | D:8      | 7534 ||| Stepping ~*~*~tactically~*~*~ (stealth).
  7535 | D:8      | 7535 ||| Stepping ~*~*~tactically~*~*~ (stealth).
  7609 | D:8      | 7609 ||| Stepping ~*~*~tactically~*~*~ (hiding).
  7610 | D:8      | 7610 ||| Stepping ~*~*~tactically~*~*~ (hiding).
  7723 | D:8      | 7723 ||| Stepping ~*~*~tactically~*~*~ (hiding).
  7724 | D:8      | 7724 ||| Stepping ~*~*~tactically~*~*~ (hiding).
  7726 | D:8      | 7726 ||| Stepping ~*~*~tactically~*~*~ (hiding).
  7731 | D:8      | 7731 ||| INVOKING Heroism.
  7795 | D:8      | 7795 ||| Stepping ~*~*~tactically~*~*~ (hiding).
  7797 | D:8      | 7797 ||| Stepping ~*~*~tactically~*~*~ (hiding).
  7798 | D:8      | 7798 ||| Stepping ~*~*~tactically~*~*~ (hiding).
  7806 | D:8      | 7806 ||| INVOKING Heroism.
  8029 | D:8      | 8029 ||| UPGRADING to +0 chain mail.
  8039 | D:8      | 8039 ||| DROPPING +0 scale mail.
  8040 | D:8      | 8040 ||| UPGRADING to +0 plate armour.
  8050 | D:8      | 8050 ||| DROPPING +0 chain mail.
  8051 | D:8      | 8051 ||| READING 3 scrolls labelled BEAGGAI PENAOM.
  8052 | D:8      | 8052 ||| DROPPING 2 scrolls of fear.
  8121 | D:9      | Found Futicz Deept's Armour Shoppe.
  8125 | D:9      | 8125 ||| Stepping ~*~*~tactically~*~*~ (hiding).
  8127 | D:9      | 8127 ||| Stepping ~*~*~tactically~*~*~ (hiding).
  8150 | D:9      | 8150 ||| INVOKING Heroism.
  8227 | D:9      | Identified the +10 rapier "Nirgh" {elec, rPois Str+2}
  8233 | D:9      | 8233 ||| BUYING +3 scale mail of cold resistance (260
                  | gold).
  8233 | D:9      | Bought a +3 scale mail of cold resistance for 260 gold
                  | pieces
  8260 | D:9      | 8260 ||| Stepping ~*~*~tactically~*~*~ (stealth).
  8278 | D:9      | 8278 ||| Stepping ~*~*~tactically~*~*~ (stealth).
  8280 | D:9      | 8280 ||| Stepping ~*~*~tactically~*~*~ (hiding).
  8283 | D:9      | 8283 ||| INVOKING Heroism.
  8331 | D:9      | 8331 ||| INVOKING Heroism.
  8339 | D:9      | Reached skill level 6 in Armour
  8346 | D:9      | Reached skill level 11 in Axes
  8372 | D:9      | Noticed a sun demon
  8373 | D:9      | 8373 ||| Stepping ~*~*~tactically~*~*~ (stealth).
  8374 | D:9      | 8374 ||| INVOKING Heroism.
  8389 | D:9      | HP: 8/65 [sun demon (14)]
  8390 | D:9      | 8390 ||| READING 2 scrolls of teleportation.
  8390 | D:9      | Slain by a sun demon

Levels and vault maps discovered:
D:1:      dpeg_arrival_long_road, layout_loops_ring, minmay_shallow_snake_nest
D:2:      layout_rooms, roderic_roman_lattice, minmay_pentomino_v2, uniq_natasha
D:3:      layout_basic, chequers_big_river, columned_hall_lemuel
D:4:      layout_cave_pools, nicolae_overflow_hidden_temple,
          gammafunk_ghost_abyssal_escape
D:5:      layout_basic, kennysheep_little_box, temple_fountains,
          enter_ossuary_5, gammafunk_ghost_split, portal_sewer_entry_d,
          uniq_prince_ribbit1, uniq_eustachio
D:6:      layout_rooms, marbit_many_paths
D:7:      layout_loops_ring, serial_undead, serial_undead_a, serial_undead_b,
          serial_undead_e, serial_undead_a, serial_undead_b, serial_undead_a,
          serial_undead_f, serial_undead_a
D:8:      layout_rooms, lemuel_tele_altar, grunt_decor_fettered
D:9:      kennysheep_blocky_hall, layout_basic, serial_shops, shop,
          serial_demonic, serial_demonic_c, serial_demonic_g, serial_demonic_b,
          serial_demonic_d, minmay_unpleasant_kobolds
Temple:   eino_wide_crystal_templ

Skill      XL: |  1  2  3  4  5  6  7  8  9 10 |
---------------+-------------------------------+-----
Axes           | 2 3 4 5 6 7 8 10 11 | 11.0
Fighting       | 4 5 6 7 8 |  8.6
Dodging        | 1 2 |  2.2
Throwing       | 2 |  2.7
Shields        | 4 5 |  5.1
Invocations    | 4 |  4.0
Armour         | 6 |  6.0

Action                     |  1- 3 |  4- 6 |  7- 9 | 10-12 || total
---------------------------+-------+-------+-------+-------++-------
  Melee: War axe           |   100 |   134 |   231 |   194 ||   659
         Headbutt          |       |     2 |    37 |    39 ||    78
  Throw: Boomerang         |       |     4 |    59 |    35 ||    98
 Invoke: Heroism           |       |       |     8 |     9 ||    17
    Use: Scroll            |     4 |     6 |     3 |     3 ||    16
         Potion            |       |     4 |     1 |       ||     5
 Armour: Scale mail        |    62 |    59 |   110 |    41 ||   272
         Plate armour      |       |       |       |    58 ||    58
  Dodge: Dodged            |    47 |    50 |    98 |    73 ||   268
  Block: Buckler           |    18 |    23 |    46 |    44 ||   131

Table legend:
 A = Non-vault XP
 B = Vault XP
 C = Vault XP percentage of total XP
 D = Non-vault monster count
 E = Vault monster count
 F = Vault count percentage of total count
                 A         B        C        D         E       F
            +---------+---------+-------+---------+---------+-------
      Total |    5609 |    3243 |  36.6 |     154 |      40 |  20.6
            +---------+---------+-------+---------+---------+-------
        D:1 |      39 |      15 |  27.8 |      24 |       3 |  11.1
        D:2 |     161 |      35 |  17.9 |      20 |       1 |   4.8
        D:3 |     135 |       0 |   0.0 |      24 |       0 |   0.0
        D:4 |     187 |       0 |   0.0 |      11 |       0 |   0.0
        D:5 |     461 |     454 |  49.6 |       8 |       3 |  27.3
        D:6 |    1581 |      85 |   5.1 |      19 |       1 |   5.0
        D:7 |     433 |    1716 |  79.9 |      17 |      23 |  57.5
        D:8 |    1528 |       0 |   0.0 |      22 |       0 |   0.0
        D:9 |    1084 |     938 |  46.4 |       9 |       9 |  50.0
            +---------+---------+-------+---------+---------+-------
